 Dungeon Crawl Stone Soup version 0.29-a0-356-g7bc237e783 (webtiles) character file.

Game seed: 402888400898149616

39676 ryw the Slinger (level 13, 0/96 HPs)
             Began as a Demonspawn Monk on Apr 20, 2022.
             Was the Champion of Cheibriados.
             Drowned by a drowned soul (13 damage)
             ... summoned by a merfolk avatar
             ... on level 6 of the Lair of Beasts on Apr 25, 2022.
             The game lasted 00:51:57 (16734 turns).

ryw the Slinger (Demonspawn Monk)                  Turns: 16734, Time: 00:51:59

Health: 0/96       AC: 40    Str: 33    XL:     13   Next: 70%
Magic:  23/23      EV: 13    Int: 29    God:    Cheibriados [******]
Gold:   976        SH:  5    Dex: 30    Spells: 20/26 levels left

rFire   . . .      SeeInvis .   g - +5 fustibalus (freeze)
rCold   + . .      Faith    .   (no shield)
rNeg    . . .      Spirit   .   D - +8 orange crystal plate armour {Archmagi, Int+3 Clar}
rPois   .          Reflect  +   m - +2 helmet
rElec   .          Harm     .   z - +1 cloak
rCorr   .          Rampage  .   (gloves unavailable)
Will    .....      Archmagi +   w - +2 pair of boots
Stlth   .......... Clarity  +   r - amulet of reflection
HPRegen 0.26/turn               N - ring of protection from cold
MPRegen 0.36/turn               q - +4 ring of evasion

@: brilliant, very slow
A: icy blue scales 2, spiny 3, magic regeneration, demonic touch 3
a: Renounce Religion, Bend Time, Temporal Distortion, Slouch, Step From Time


You were on level 6 of the Lair of Beasts.
You worshipped Cheibriados.
Cheibriados was exalted by your worship.
You visited 3 branches of the dungeon, and saw 15 of its levels.
You also visited: Ossuary.

You collected 976 gold pieces.

Inventory:

Hand Weapons
 g - a +5 fustibalus of freezing (weapon)
 H - a +1 demon whip of venom
 S - a +5 long sword of protection
Missiles
 h - 420 stones
 j - 20 poisoned darts
 k - 3 curare-tipped darts
 p - 5 throwing nets
 y - 17 javelins
Armour
 m - a +2 helmet (worn)
 w - a +2 pair of boots (worn)
 z - a +1 cloak (worn)
 A - a scarf of repulsion
 D - the +8 orange crystal plate armour (worn) {Archmagi, Int+3 Clar}
   (You acquired it in the Ecumenical Temple)

   Int:       It affects your intelligence (+3).
   Clar:      It protects you against confusion.
 I - the +1 scale mail of the Past {rElec rF++}
   (You found it on level 8 of the Dungeon)

   rF:        It greatly protects you from fire.
   rElec:     It insulates you from electricity.
Jewellery
 a - a ring of flight
 l - a +6 ring of intelligence
 q - a +4 ring of evasion (right hand)
 r - an amulet of reflection (around neck)
 C - an amulet of magic regeneration
 N - a ring of protection from cold (left hand)
Wands
 e - a wand of iceblast (4)
 i - a wand of flame (21)
 t - a wand of polymorph (5)
 G - a wand of paralysis (2)
 J - a wand of mindburst (6)
Scrolls
 s - a scroll of amnesia
 x - 3 scrolls of magic mapping
 F - a scroll of torment
 K - 2 scrolls of fog
 L - 2 scrolls of identify
 M - a scroll of silence {unknown}
 O - 2 scrolls of brand weapon
 P - a scroll of fear
Potions
 b - a potion of ambrosia
 c - 3 potions of cancellation
 f - 5 potions of brilliance
 n - 4 potions of berserk rage
 o - 2 potions of lignification
 v - 4 potions of mutation
 B - a potion of magic
 E - 2 potions of attraction
 Q - a potion of degeneration
Miscellaneous
 R - a condenser vane


   Skills:
 + Level 7.3 Fighting
 - Level 0.4 Long Blades
 * Level 13.8 Slings
 + Level 9.8 Armour
 - Level 3.3 Dodging
 - Level 1.7 Stealth
 - Level 2.6 Unarmed Combat
 + Level 7.3 Spellcasting
 + Level 2.1 Summonings
 + Level 6.9 Translocations
 + Level 1.8 Ice Magic
 - Level 10.0 Invocations


You had 20 spell levels left.
You knew the following spells:

 Your Spells              Type           Power      Damage    Failure   Level
a - Blink                 Tloc           100%       N/A       9%          2
b - Summon Ice Beast      Ice/Summ       49%        N/A       99%         4

Your spell library contained the following spells:

 Spells                   Type           Power      Damage    Failure   Level
 Sting                    Tmut/Pois      92%        1d7       69%         1
 Ensorcelled Hibernation  Hex/Ice        70%        N/A       71%         2
 Frozen Ramparts          Ice            94%        1d11      80%         3
 Ozocubu's Armour         Ice            47%        N/A       80%         3
 Corpse Rot               Necr/Air       46%        N/A       83%         2
 Poisonous Vapours        Pois/Air       46%        N/A       83%         2
 Sublimation of Blood     Necr           23%        N/A       83%         2
 Manifold Assault         Tloc           85%        N/A       83%         5
 Iskenderun's Mystic Bla  Conj/Tloc      62%        2d13      93%         4
 Dazzling Flash           Conj/Hex       46%        N/A       96%         3
 Ignite Poison            Fire/Tmut/Pois 23%        N/A       96%         3
 Mephitic Cloud           Conj/Pois/Air  23%        N/A       96%         3
 Spider Form              Tmut/Pois      23%        N/A       96%         3
 Animate Armour           Summ/Erth      74%        N/A       99%         4
 Summon Forest            Summ/Tloc      35%        N/A       99%         5
 Anguish                  Hex/Necr       11%        N/A       100%        4
 Ice Form                 Ice/Tmut       35%        N/A       100%        4
 Olgreb's Toxic Radiance  Pois           23%        N/A       100%        4
 Petrify                  Tmut/Erth      23%        N/A       100%        4
 Agony                    Necr           23%        N/A       100%        5
 Blade Hands              Tmut           11%        N/A       100%        5
 Freezing Cloud           Conj/Ice/Air   15%        6-21      100%        5
 Irradiate                Conj/Tmut      11%        3d17      100%        5
 Silence                  Hex/Air        11%        N/A       100%        5
 Eringya's Noxious Bog    Tmut/Pois      11%        N/A       100%        6
 Iron Shot                Conj/Erth      11%        9d3       100%        6
 Starburst                Conj/Fire      11%        6d5       100%        6
 Ozocubu's Refrigeration  Ice            23%        4d9       100%        7
 Storm Form               Tmut/Air       11%        N/A       100%        7
 Summon Hydra             Summ           25%        N/A       100%        7


Dungeon Overview and Level Annotations

Branches:
Dungeon (8/15)             Temple (1/1) D:5            Lair (6/6) D:8
 Shoals (0/4) Lair:3       Spider (0/4) Lair:3        Slime (0/5) Lair:5
Ossuary (visited)

Altars:
Ashenzari
Cheibriados
Dithmenos
Elyvilon
Fedhas
Gozag
Hepliaklqana
Kikubaaqudgha
Makhleb
Nemelex Xobeh
Ru
Sif Muna
Trog
Uskayaw
Vehumet
Wu Jian
Xom
Yredelemnul
Zin
The Shining One

Shops:
D:1 :   D:8 (

Annotations:
D:3 3 runed translucent doors, Hubjo's ghost, amateur DEMo
D:7 3 runed translucent doors, Cecur's ghost, amateur DsWz
D:8 2 runed translucent doors, sammy202020's ghost, novice GrBe
Lair:5 3 runed translucent doors, Mysukhlell's ghost, journeyman DrTm


Innate Abilities, Weirdness & Mutations

You are mostly covered in icy blue scales. (AC +3)
You are completely covered in sharp spines.
You regenerate magic rapidly.
Your touch may irresistibly damage your foes and sap their willpower.


Message History

You feel better.
No action selected
Press: ? - help, Q - select action, (/) - cycle Dir - look around, f - activate Look: a merfolk avatar (purple smoke)
Okay, then.
Unknown command.
Fire: g) +5 fustibalus (freeze)
Press: ? - help, Q - select action, (/) - cycle Shift-Dir - straight line, f - merfolk avatar
Aim: a merfolk avatar (purple smoke, 70% to hit)
You shoot a sling bullet.
The sling bullet hits the merfolk avatar.
The sling bullet freezes the merfolk avatar.
The merfolk avatar is lightly wounded.
The drowned soul is struck by your spines.
The drowned soul touches you. The drowned soul drowns you!
* * * LOW HITPOINT WARNING * * *
The merfolk avatar chants a haunting song.
You are unaffected.
Fire: g) +5 fustibalus (freeze)
Press: ? - help, Q - select action, (/) - cycle Shift-Dir - straight line, f/p - merfolk avatar
Aim: a merfolk avatar (lightly wounded, 70% to hit)
You shoot a sling bullet.
The sling bullet hits the merfolk avatar.
The sling bullet freezes the merfolk avatar.
The merfolk avatar is lightly wounded.
The merfolk avatar chants a haunting song.
You are unaffected.
You feel better.
The drowned soul is struck by your spines.
The drowned soul touches you. The drowned soul drowns you!
* * * LOW HITPOINT WARNING * * *
The merfolk avatar chants a haunting song.
You are unaffected.
You feel better.
Aiming: Polymorph
Press: ? - help, Shift-Dir - straight line, f/p - merfolk avatar
Aim: a merfolk avatar (lightly wounded, will become a water nymph, a broodmother, or an ettin, chance to affect: 0%)
The merfolk avatar resists with almost no effort.
The drowned soul touches you. The drowned soul drowns you!
You die...

...##≈≈#≈≈≈≈#≈≈#≈≈≈≈≈.≈##≈#
#.. ..≈#
.≈#≈≈≈≈≈≈≈##≈≈≈≈≈≈##.# ##..
...≈≈.≈≈≈≈≈P≈≈≈≈≈≈≈≈≈≈≈≈≈≈##
#... ..≈≈≈
#≈≈≈#≈≈≈≈≈≈##≈≈≈≈≈.###...
...≈#
≈≈≈≈≈≈≈≈≈≈≈≈#≈.#≈........
..≈
≈≈≈≈#≈≈≈≈≈≈..≈≈#≈..##....
#.≈≈≈≈≈≈8#≈≈≈≈.......#
#≈≈≈.#####≈.≈≈......##
#≈.≈≈@m≈⌠#≈≈≈≈......#
≈≈≈8#≈W.8.≈≈#≈≈##≈......#
≈#≈##≈###†.≈#≈..≈.......# #.
#W(≈≈#≈.≈.#≈≈P≈....#.. .
#(≈≈!#≈≈.≈≈≈.≈........
≈#≈≈#!Wm?#≈≈≈≈#≈≈#≈.......
≈.≈≈≈!!?≈m≈.#≈.≈≈≈.
#≈≈≈##+.≈≈≈#≈#≈≈≈≈≈
}≈≈≈8≈≈≈≈8.≈≈#≈≈#≈.


You could see a merfolk avatar and 2 drowned souls.

Vanquished Creatures
  5 hydras
  A catoblepas (Lair:5)
  6 death yaks (Lair:4)
  Amaemon (D:8)
  2 sea snakes (Lair:6)
  4 lindwurms (Lair:4)
  6 elephants
  A merfolk siren (Lair:3)
  Joseph (Lair:1)
  3 black mambas
  7 cane toads
  An orange demon (D:8)
  12 komodo dragons
  2 rime drakes
  2 hornets (Lair:6)
  2 wind drakes (Lair:6)
  A slime creature (Lair:5)
  5 dream sheep
  10 blink frogs (Lair:6)
  2 wyverns
  A wraith (D:6)
  A steam dragon (D:8)
  3 basilisks
  39 yaks
  A redback (Lair:3)
  20 water moccasins
  5 ice beasts
  3 orc warriors
  2 black bears
  A sky beast (D:6)
  2 ogres
  36 wolves
  A centaur (D:8)
  A phantom (D:6)
  2 kobold brigands
  13 bullfrogs
  5 scorpions
  9 wights
  7 killer bees
  4 howler monkeys
  6 jellies
  A gnoll shaman (D:4)
  4 hounds
  2 orc priests
  6 iguanas
  4 orc wizards
  2 hound zombies (Ossuary)
  4 mummies (Ossuary)
  Robin (D:3)
  7 gnolls
  5 adders
  3 shadow imps
  2 white imps
  2 ufetubi
  6 worms
  3 dart slugs
  30 orcs
  7 endoplasms
  A giant cockroach (D:4)
  13 goblins
  10 hobgoblins
  11 jackals
  9 kobolds
  5 quokkas
  10 ball pythons
  6 bats
  2 frilled lizards (D:3)
  2 goblin zombies
  A hobgoblin zombie (Ossuary)
  A jackal zombie (Ossuary)
  4 kobold zombies (Ossuary)
  2 orc zombies (Ossuary)
  10 rats
  2 rat zombies
  A spectral orc (D:5)
415 creatures vanquished.

Vanquished Creatures (others)
  60 fungi
  97 plants
157 creatures vanquished.

Grand Total: 572 creatures vanquished

Notes
Turn   | Place    | Note
-------+----------+-------------------------------------------
     0 | D:1      | ryw the Demonspawn Monk began the quest for the Orb.
     0 | D:1      | Reached XP level 1. HP: 18/18 MP: 1/1
   548 | D:1      | Gained mutation: You are partially covered in sharp spines.
                  | [demonic ancestry]
   548 | D:1      | Reached XP level 2. HP: 17/24 MP: 2/2
   655 | D:1      | Found Wivuuck's Book Boutique.
   807 | D:1      | Found a faded altar of an unknown god.
   873 | D:1      | Gained mutation: You are partially covered in icy blue
                  | scales. (AC +2) [demonic ancestry]
   873 | D:1      | Reached XP level 3. HP: 24/29 MP: 3/3
  1888 | D:2      | Reached XP level 4. HP: 38/38 MP: 4/4
  2397 | D:2      | Identified a scroll of acquirement
  2397 | D:2      | Acquired a +1 fustibalus of freezing
  2565 | D:3      | Noticed Robin
  2567 | D:3      | Reached skill level 1 in Slings
  2572 | D:3      | Killed Robin
  2948 | D:3      | Found a runed translucent gate.
  2948 | D:3      | Found a runed translucent gate.
  2948 | D:3      | Found a runed translucent gate.
  2957 | D:3      | Reached skill level 2 in Slings
  2957 | D:3      | Gained mutation: Your touch may inflict minor irresistible
                  | damage on your foes. [demonic ancestry]
  2957 | D:3      | Reached XP level 5. HP: 43/43 MP: 5/5
  3180 | D:3      | Noticed Hubjo's ghost (amateur DEMo)
  3434 | D:4      | Reached skill level 1 in Armour
  3658 | D:4      | Found a sand-covered staircase.
  3668 | Ossuary  | Entered an ossuary
  3691 | Ossuary  | Reached skill level 3 in Slings
  3969 | Ossuary  | Reached XP level 6. HP: 49/49 MP: 6/6
  4326 | D:4      | Reached skill level 4 in Slings
  4539 | D:4      | Gained mutation: Your touch may inflict irresistible damage
                  | on your foes. [demonic ancestry]
  4539 | D:4      | Reached XP level 7. HP: 29/55 MP: 7/7
  5065 | D:4      | Reached skill level 5 in Slings
  5175 | D:4      | Upgraded the game from 0.29-a0-341-g24ffce5b50 to
                  | 0.29-a0-344-ge2f44be95a
  5244 | D:5      | Entered Level 5 of the Dungeon
  5268 | D:5      | Noticed a komodo dragon
  5276 | D:5      | Killed a komodo dragon
  5413 | D:5      | Found a staircase to the Ecumenical Temple.
  5479 | D:5      | Reached skill level 6 in Slings
  5534 | D:5      | Gained mutation: You are mostly covered in icy blue scales.
                  | (AC +3) [demonic ancestry]
  5534 | D:5      | Reached XP level 8. HP: 51/61 MP: 8/8
  5923 | D:5      | Found a basalt altar of Yredelemnul.
  6057 | Temple   | Entered the Ecumenical Temple
  6092 | Temple   | Acquired the +8 orange crystal plate armour {Archmagi,
                  | Int+3 Clar}
  6092 | Temple   | Found the +8 orange crystal plate armour {Archmagi, Int+3
                  | Clar}
  6179 | Temple   | Became a worshipper of Cheibriados the Contemplative
  6179 | Temple   | Reached * piety under Cheibriados
  6179 | Temple   | Reached ** piety under Cheibriados
  6734 | D:6      | Reached skill level 1 in Spellcasting
  6734 | D:6      | Reached skill level 1 in Invocations
  6741 | D:6      | Reached skill level 7 in Slings
  7228 | D:6      | Reached skill level 5 in Armour
  7257 | D:6      | Gained mutation: You are mostly covered in sharp spines.
                  | [demonic ancestry]
  7257 | D:6      | Reached XP level 9. HP: 56/66 MP: 12/12
  7382 | D:6      | Reached skill level 8 in Slings
  7621 | D:7      | Reached *** piety under Cheibriados
  8048 | D:7      | Reached skill level 5 in Invocations
  8081 | D:7      | Learned a level 2 spell: Blink
  8208 | D:7      | Reached **** piety under Cheibriados
  8270 | D:7      | Found a runed translucent gate.
  8270 | D:7      | Found a runed translucent gate.
  8270 | D:7      | Found a runed translucent gate.
  8270 | D:7      | Noticed Cecur's ghost (amateur DsWz)
  8473 | D:8      | Found Mivi's Weapon Emporium.
  8509 | D:8      | Reached skill level 9 in Slings
  8621 | D:8      | Found an ancient bone altar of Kikubaaqudgha.
  8625 | D:8      | Reached XP level 10. HP: 73/73 MP: 16/16
  8733 | D:8      | Noticed Amaemon
  8746 | D:8      | Noticed an orange demon
  8753 | D:8      | Killed Amaemon
  8767 | D:8      | Killed an orange demon
  8905 | D:8      | Found a hide-covered altar of Uskayaw.
  8980 | D:8      | Identified the +1 scale mail of the Past {rElec rF++}
  9029 | D:8      | Reached skill level 1 in Translocations
  9033 | D:8      | Reached skill level 10 in Slings
  9033 | D:8      | Reached skill level 5 in Spellcasting
  9084 | D:8      | Reached ***** piety under Cheibriados
  9161 | D:8      | Found a large runed translucent door.
  9161 | D:8      | Found a large runed translucent door.
  9166 | D:8      | Noticed sammy202020's ghost (novice GrBe)
  9275 | D:8      | Found a staircase to the Lair.
  9388 | Lair:1   | Entered Level 1 of the Lair of Beasts
  9846 | Lair:1   | Noticed a six-headed hydra
  9852 | Lair:1   | Killed a six-headed hydra
 10079 | Lair:1   | Gained mutation: Your touch may irresistibly damage your
                  | foes and sap their willpower. [demonic ancestry]
 10079 | Lair:1   | Reached XP level 11. HP: 78/78 MP: 18/18
 10215 | Lair:1   | Noticed Joseph
 10219 | Lair:1   | Killed Joseph
 10418 | Lair:2   | Noticed a four-headed hydra
 10647 | Lair:2   | Reached skill level 11 in Slings
 12001 | Lair:2   | Killed a four-headed hydra
 12155 | Lair:3   | Noticed an eight-headed hydra
 12157 | Lair:3   | Gained mutation: You are completely covered in sharp
                  | spines. [demonic ancestry]
 12157 | Lair:3   | Reached XP level 12. HP: 84/84 MP: 19/19
 12160 | Lair:3   | Killed an eight-headed hydra
 12161 | Lair:3   | Reached skill level 12 in Slings
 12245 | Lair:3   | Found a staircase to the Shoals.
 12420 | Lair:3   | Reached skill level 10 in Invocations
 12421 | Lair:3   | Reached ****** piety under Cheibriados
 12424 | Lair:3   | Reached skill level 5 in Fighting
 12424 | Lair:3   | Reached skill level 5 in Translocations
 12427 | Lair:3   | Noticed an eight-headed hydra
 12738 | Lair:3   | Found a hole to the Spider Nest.
 13475 | Lair:4   | Noticed a death yak
 13475 | Lair:4   | Noticed a death yak
 13475 | Lair:4   | Noticed a death yak
 13475 | Lair:4   | Noticed a death yak
 13475 | Lair:4   | Noticed a death yak
 13475 | Lair:4   | Noticed a death yak
 13488 | Lair:4   | Killed a death yak
 13494 | Lair:4   | Killed a death yak
 13499 | Lair:4   | Killed a death yak
 13504 | Lair:4   | Killed a death yak
 13517 | Lair:4   | Killed a death yak
 13522 | Lair:4   | Killed a death yak
 13523 | Lair:4   | Reached skill level 13 in Slings
 13880 | Lair:4   | Gained mutation: You regenerate magic rapidly. [demonic
                  | ancestry]
 13880 | Lair:4   | Reached XP level 13. HP: 76/94 MP: 22/22
 14408 | Lair:4   | Upgraded the game from 0.29-a0-344-ge2f44be95a to
                  | 0.29-a0-356-g7bc237e783
 14429 | Lair:5   | Found a runed translucent gate.
 14429 | Lair:5   | Found a runed translucent gate.
 14429 | Lair:5   | Found a runed translucent gate.
 14429 | Lair:5   | Noticed Mysukhlell's ghost (journeyman DrTm)
 15215 | Lair:5   | Found a staircase to the Slime Pits.
 15803 | Lair:5   | Learned a level 4 spell: Summon Ice Beast
 15822 | Lair:6   | Entered Level 6 of the Lair of Beasts
 16012 | Lair:6   | Reached skill level 1 in Summonings
 16029 | Lair:6   | Reached skill level 1 in Ice Magic
 16734 | Lair:6   | Drowned by a drowned soul

Illustrated notes

Levels and vault maps discovered:
D:1:      minmay_arrival_four_circles, layout_basic, basic_ecumenical_altar,
          serial_shops, nicolae_shop_trees, st_stairs_2
D:2:      layout_loops_ring, minmay_vboxes
D:3:      layout_loops_ring, gammafunk_ghost_icy, uniq_robin
D:4:      layout_rooms, serial_glass, glass_columns_a, glass_columns_a,
          enter_ossuary_4
D:5:      minmay_clustersquares, layout_rooms,
          yredelemnul_forgotten_temple_becter, temple_pool_b
D:6:      layout_basic
D:7:      layout_gridville, gammafunk_ghost_necromancy, kennysheep_minor_cross
D:8:      layout_loops_ring, nicolae_uskayaw_suspiria, general_overflow_altar,
          grunt_lair_entry_orc_guard_hut, serial_shops, shop,
          ebering_ghost_disaster_area, uniq_amaemon
Temple:   dpeg_five_rooms_temple
Lair:1:   layout_gridlike, uniq_joseph
Lair:2:   layout_cellular_growth, grunt_forest_large_clearings
Lair:3:   layout_chaotic_city, minmay_shoals_entry_lonely_mermaid,
          spider_nest_entry_rubble, kennysheep_catoblepas_arena,
          infiniplex_staircase_pool_2
Lair:4:   layout_regular_city, minmay_lindwurm_lava, grunt_megastairs_2
Lair:5:   layout_roguey, minmay_slime_entry_pillars, ebering_ghost_rock_garden
Lair:6:   gammafunk_lair_ancient_temple, layout_cave_pods

Skill      XL: |  1  2  3  4  5  6  7  8  9 10 11 12 13 |
---------------+----------------------------------------+-----
Dodging        | 3 |  3.3
Fighting       | 4 6 7 |  7.3
Slings         | 2 3 4 6 7 9 10 11 13 | 13.8
Armour         | 1 2 3 5 6 7 8 9 |  9.8
Spellcasting   | 2 4 5 6 7 |  7.3
Invocations    | 3 5 7 9 10 | 10.0
Translocations | 2 4 6 |  6.9
Summonings     | 2 |  2.1
Ice Magic      | 1 |  1.8
Long Blades    | |  0.4
Stealth        | |  1.7
Unarmed Combat | |  2.6

Action                   |  1- 3 |  4- 6 |  7- 9 | 10-12 | 13-15 || total
-------------------------+-------+-------+-------+-------+-------++-------
Melee: Unarmed           |   135 |     7 |       |       |       ||   142
       Punch             |     4 |       |       |       |       ||     4
       Fustibalus        |       |       |     3 |       |       ||     3
 Fire: Fustibalus        |       |   149 |   253 |   465 |   244 ||  1111
Throw: Dart              |     4 |       |       |       |       ||     4
 Cast: Blink             |       |       |       |       |     4 ||     4
Invok: Slouch            |       |       |       |     2 |       ||     2
Evoke: Wand              |       |       |       |       |     3 ||     3
  Use: Scroll            |     1 |    17 |     4 |     5 |     8 ||    35
       Potion            |       |       |       |     7 |    12 ||    19
 Stab: Sleeping          |     1 |       |       |       |       ||     1
Armor: Robe              |     8 |       |       |       |       ||     8
       Ring mail         |    27 |    33 |    21 |       |       ||    81
       Crystal plate arm |       |       |    99 |   431 |   165 ||   695
Dodge: Dodged            |    77 |    62 |    31 |   174 |    81 ||   425
Block: Other             |       |    27 |    41 |   122 |    36 ||   226
       Reflection        |       |       |     4 |     3 |       ||     7

Table legend: (Time is in decaauts)
 A = Elapsed time spent in this place.
 B = Non-inter-level travel time spent in this place.
 C = Inter-level travel time spent in this place.
 D = Time resting spent in this place.
 E = Time spent auto-exploring this place.
 F = Levels seen in this place.
 G = Mean time per level.
                   A        B        C        D        E       F      G
               +--------+--------+--------+--------+--------+-----+--------+
         Total |  22309 |  21413 |    896 |   2679 |  14989 |  16 | 1394.3 |
       Dungeon |  10156 |   9569 |    587 |   1476 |   6258 |   8 | 1269.5 |
        Temple |    252 |    215 |     37 |      0 |    192 |   1 |  252.0 |
          Lair |  11429 |  11157 |    272 |    945 |   8437 |   6 | 1904.8 |
       Ossuary |    471 |    471 |      0 |    257 |    102 |   1 |  471.0 |
               +--------+--------+--------+--------+--------+-----+--------+

Top non-repeatable levels by time:
  Lair:2: 2419 daAuts
  Lair:5: 2179 daAuts
  Lair:4: 2053 daAuts
  Lair:3: 1736 daAuts
  Lair:1: 1699 daAuts
     D:1: 1438 daAuts
     D:8: 1424 daAuts
     D:7: 1387 daAuts
     D:5: 1350 daAuts
  Lair:6: 1341 daAuts
     D:3: 1209 daAuts
     D:4: 1177 daAuts
     D:6: 1089 daAuts
     D:2: 1079 daAuts
 Ossuary: 471 daAuts
